 Dungeon Crawl Stone Soup version 0.28-a0-2-g643f2454ad (webtiles) character file.

Game seed: 14856104413391859590

301 Sin92 the Skirmisher (level 6, -6/48 HPs)
             Began as a Demonspawn Fighter on July 22, 2021.
             Killed from afar by a white imp (9 damage)
             ... with a puff of frost
             ... summoned by Natasha
             ... on level 3 of the Dungeon.
             The game lasted 00:03:18 (2541 turns).

Sin92 the Skirmisher (Demonspawn Fighter)           Turns: 2541, Time: 00:03:18

Health: -6/48      AC:  6    Str: 19    XL:     6   Next: 14%
Magic:  6/6        EV:  7    Int:  9    God:
Gold:   183        SH:  9    Dex: 12    Spells: 5/5 levels left

rFire   + . .      SeeInvis .   d - +1 morningstar (freeze)
rCold   . . .      Faith    .   c - +0 kite shield
rNeg    . . .      Spirit   .   b - +0 scale mail
rPois   .          Reflect  .   (helmet restricted)
rElec   .          Harm     .   (no cloak)
rCorr   .          Rampage  .   (no gloves)
Will    .....                   (no boots)
Stlth   ..........              (no amulet)
HPRegen 0.16/turn               h - ring of protection from fire
MPRegen 0.10/turn               (no ring)

@: slowed, very slow
A: antennae 1, powered by death 1
a: no special abilities


You were on level 3 of the Dungeon.
You visited 1 branch of the dungeon, and saw 3 of its levels.

You collected 183 gold pieces.

Inventory:

Hand Weapons
 a - a +0 war axe
 d - a +1 morningstar of freezing (weapon)
Armour
 b - a +0 scale mail (worn)
 c - a +0 kite shield (worn)
Jewellery
 e - an amulet of reflection
 h - a ring of protection from fire (left hand)
 j - a ring of magical power
Scrolls
 f - a scroll of silence {unknown}
 g - a scroll of summoning


   Skills:
 + Level 3.8 Fighting
 * Level 3.4(3.7) Axes
 * Level 2.0(3.0) Maces & Flails
 + Level 3.4 Armour
 + Level 1.6 Dodging
 + Level 3.3 Shields


You had 5 spell levels left.
You didn't know any spells.
Your spell library contained the following spells:

 Spells                   Type           Power      Damage    Failure   Level
 Beastly Appendage        Tmut           0%         N/A       99%         1
 Wereblood                Tmut           0%         N/A       100%        2
 Spider Form              Tmut/Pois      0%         N/A       100%        3


Dungeon Overview and Level Annotations

Branches:
Dungeon (3/15)

Altars:

Shops:
D:3 ?

Annotations:
D:3 Natasha


Innate Abilities, Weirdness & Mutations

You have a pair of small antennae on your head.
You regenerate a little health from kills.


Message History

Natasha claws your giant cockroach.
Your rat bites Natasha.
Your kobold hits the hobgoblin but does no damage.
The crimson imp hits your kobold.
Your giant cockroach bites Natasha but does no damage.
The hobgoblin hits your kobold.
Your kobold dies!
Your kobold's corpse dissolves into shadows!
Your dart slug bites the white imp but does no damage.
Natasha stares at your rat and mumbles some strange words.
Your rat seems to slow down.
Your rat barely misses Natasha.
The hobgoblin shouts!
Your giant cockroach bites Natasha.
The white imp hits your dart slug. The white imp freezes your dart slug.
Natasha claws something.
Your giant cockroach closely misses Natasha.
The crimson imp lashes its tail.
The crimson imp barely misses your giant cockroach.
Your dart slug misses the white imp.
The white imp gestures at you. The puff of frost hits your dart slug!
Your dart slug dies!
Your dart slug's corpse dissolves into shadows!
You aren't carrying any potions.
As you read the scroll of summoning, it crumbles to dust.
Wisps of shadow whirl around you... The hobgoblin misses your rat.
Your giant cockroach closely misses Natasha.
Natasha claws your giant cockroach. The hobgoblin barely misses your rat.
Your giant cockroach bites Natasha but does no damage.
Natasha claws your giant cockroach but does no damage.
Your giant cockroach closely misses Natasha.
The hobgoblin hits your rat.
Your rat dies!
Your rat's corpse dissolves into shadows!
Your rat barely misses the white imp.
Natasha claws your giant cockroach!
Your giant cockroach dies!
Your giant cockroach's corpse dissolves into shadows!
The crimson imp blinks!
The white imp gestures at you. The puff of frost hits you!
You die...

#..#.'##
#'.#.......##
#..#.#....#.#..#...##
##.#.#.##.#.#.######
#.#.# ##.#.#.# ##.#
..#.#.# ...
'####'.#.# ...#
.......#.#
...'########'.#
##.........ยง.@...#
#......#..gS.##.##
##........5.#5##.#
.........hrr.##.#
#...#######.##.#####.
#........(..........#
#..........?..####..#
#.##.#####.####
#.##.##.#####.#


You could see Natasha (resistant, unaware), a crimson imp (summoned), a white
imp (summoned, ally target), a hobgoblin (ally target), a friendly ball python
(summoned) and a friendly rat (summoned).

Vanquished Creatures
  Grinder (D:3)
  Terence (D:2)
  Natasha (D:3)
  An adder (D:2)
  A worm (D:3)
  2 orcs (D:3)
  4 endoplasms
  4 giant cockroaches (D:1)
  7 hobgoblins
  2 quokkas (D:2)
  6 ball pythons
  A bat (D:2)
  8 goblins
  6 kobolds
  5 rats (D:2)
50 creatures vanquished.

Notes
Turn   | Place    | Note
-------+----------+-------------------------------------------
     0 | D:1      | Sin92 the Demonspawn Fighter began the quest for the Orb.
     0 | D:1      | Reached XP level 1. HP: 18/18 MP: 1/1
   103 | D:1      | Gained mutation: You regenerate a little health from kills.
                  | [demonic ancestry]
   103 | D:1      | Reached XP level 2. HP: 23/24 MP: 2/2
   785 | D:2      | HP: 1/24 [poisoned by an adder]
   787 | D:2      | Reached XP level 3. HP: 1/29 MP: 3/3
   790 | D:2      | HP: 1/29 [poisoned by an adder]
  1149 | D:2      | Noticed Terence
  1157 | D:2      | Killed Terence
  1158 | D:2      | Reached skill level 1 in Dodging
  1298 | D:2      | Reached XP level 4. HP: 29/35 MP: 4/4
  1686 | D:2      | Found a faded altar of an unknown god.
  1998 | D:3      | Found Seng's Magic Scroll Shoppe.
  2035 | D:3      | Noticed Grinder
  2048 | D:3      | Killed Grinder
  2049 | D:3      | Reached skill level 1 in Maces & Flails
  2049 | D:3      | Gained mutation: You have a pair of small antennae on your
                  | head. [demonic ancestry]
  2049 | D:3      | Reached XP level 5. HP: 7/42 MP: 5/5
  2049 | D:3      | Reached XP level 6. HP: 8/48 MP: 6/6
  2455 | D:3      | Noticed Natasha
  2461 | D:3      | Killed Natasha
  2523 | D:3      | Noticed Natasha
  2537 | D:3      | HP: 2/48 [white imp[Natasha] (3)]
  2541 | D:3      | Killed from afar by a white imp

Illustrated notes

Levels and vault maps discovered:
D:1:      dpeg_arrival_pond, layout_rooms, minmay_worlds_worst_comb
D:2:      minmay_door_path, layout_rooms, chequers_ecumenical_altar_simple,
          uniq_terence
D:3:      layout_loops_ring, serial_shops, shop, minivault_11,
          kennysheep_generic_room_8, uniq_natasha, uniq_crazy_yiuf_cottage,
          uniq_grinder

Skill      XL: |  1  2  3  4  5  6 |
---------------+-------------------+-----
Axes           | 2 3 |  3.4
Armour         | 3 |  3.4
Dodging        | 1 |  1.6
Shields        | 3 |  3.3
Maces & Flails | 1 2 |  2.0
Fighting       | |  3.8

Action                   |  1- 3 |  4- 6 || total
-------------------------+-------+-------++-------
Melee: War axe           |    72 |       ||    72
       Morningstar       |    12 |    78 ||    90
  Use: Scroll            |     3 |     4 ||     7
       Potion            |     1 |     1 ||     2
Armor: Scale mail        |    46 |    34 ||    80
Dodge: Dodged            |    37 |    30 ||    67
Block: Kite shield       |    54 |    52 ||   106

Table legend: (Time is in decaauts)
 A = Elapsed time spent in this place.
 B = Non-inter-level travel time spent in this place.
 C = Inter-level travel time spent in this place.
 D = Time resting spent in this place.
 E = Time spent auto-exploring this place.
 F = Levels seen in this place.
 G = Mean time per level.
                   A        B        C        D        E       F      G
               +--------+--------+--------+--------+--------+-----+--------+
         Total |   2649 |   2613 |     36 |    676 |   1503 |   3 |  883.0 |
       Dungeon |   2649 |   2613 |     36 |    676 |   1503 |   3 |  883.0 |
               +--------+--------+--------+--------+--------+-----+--------+

Top non-repeatable levels by time:
     D:2: 1147 daAuts
     D:1: 781 daAuts
     D:3: 721 daAuts
